 Dungeon Crawl Stone Soup version 0.29-a0-2-g12fcac58f8 (webtiles) character file.

Game seed: 8374077104707191592

36 HallandMoats the Ruffian (level 3, 0/33 HPs)
             Began as a Ghoul Monk on Jan 27, 2022.
             Killed from afar by an orc wizard (7 damage)
             ... with a puff of flame
             ... on level 2 of the Dungeon.
             The game lasted 00:01:32 (1040 turns).

HallandMoats the Ruffian (Ghoul Monk)               Turns: 1040, Time: 00:01:33

Health: 0/33       AC:  2    Str: 14    XL:     3   Next: 37%
Magic:  2/2        EV: 12    Int:  5    God:
Gold:   53         SH:  0    Dex: 13    Spells: 2/2 levels left

rFire   . . .      SeeInvis .     - Unarmed
rCold   + + .      Faith    .   (no shield)
rNeg    + + +      Spirit   .   a - +0 robe
rPois   ∞          Reflect  .   (no helmet)
rElec   .          Harm     .   (no cloak)
rCorr   .          Rampage  .   (no gloves)
Will    .....                   (no boots)
Stlth   ++........              (no amulet)
HPRegen 0.00/turn               b - ring of protection from cold
MPRegen 0.08/turn               (no ring)

@: inhibited regen
A: claws 1, cold resistance 1, negative energy resistance 3, inhibited
regeneration, torment resistance 2
a: no special abilities


You were on level 2 of the Dungeon.
You visited 1 branch of the dungeon, and saw 2 of its levels.

You collected 53 gold pieces.

Inventory:

Armour
 a - a +0 robe (worn)
Jewellery
 b - a ring of protection from cold (left claw)
Scrolls
 c - a scroll of fog {unknown}
 d - a scroll of blinking {unknown}
 e - 2 scrolls of teleportation {unknown}
 f - 3 scrolls of silence {unknown}


   Skills:
 * Level 3.8 Fighting
 + Level 1.0 Armour
 + Level 2.9 Dodging
 - Level 2.1 Stealth
 * Level 3.8 Unarmed Combat


You had 2 spell levels left.
You didn't know any spells.
Your spell library was empty.

Dungeon Overview and Level Annotations

Branches:
Dungeon (2/15)

Altars:


Innate Abilities, Weirdness & Mutations

You thrive by killing the living.
You are immune to poison.
You have sharp fingernails.
Your flesh is cold resistant. (rC+)
You are immune to negative energy. (rN+++)
You do not regenerate when monsters are visible.
You are immune to unholy pain and torment.


Message History

The ball python constricts you. The orc closely misses you.
The orc wizard hits you with a +0 dagger.
The orc closely misses you. The orc wizard casts a spell at you.
The magic dart hits you.
* * * LOW HITPOINT WARNING * * *
Unknown command.
Unknown command.
Unknown command.
Unknown command.
Unknown command.
Unknown command.
Unknown command.
Unknown command.
Unknown command.
Unknown command.
You escape the ball python's grasp.
Found a manual of Ice Magic.
The orc wizard casts a spell at you. You resist with significant effort.
Found a metallic pink potion.
The orc wizard casts a spell at you.
You are confused.
The ball python misses you. The ball python completely misses you.
The orc wizard casts a spell.
The orc wizard flickers and vanishes!
Deactivating autopickup; reactivate with Ctrl-A.
You scratch the ball python.
You kill the ball python!
You feel better.
You feel less confused. The orc wizard closely misses you.
The orc hits you from afar with a +0 trident.
The orc wizard misses you. The orc wizard casts a spell at you.
The puff of flame hits you.
* * * LOW HITPOINT WARNING * * *
The orc wizard points at you and mumbles some strange words.
The puff of flame hits you!
You die...

.##... #.........#.# ......
######.......###.# ........
............## #†# ........
...........# #.## ........
#.........####..# .
......####...........###.# ..
#.###.............#..##.#
...#.....#.o.....<...##.##.#####
....!:..##.#...@................
........o..oo........#####.###..
.........####........# #.#
..........{..........#####.#####
......................†........#
...#...#######################..
#######


You could see an orc wizard and 3 orcs.

Vanquished Creatures
  An adder (D:2)
  A worm (D:2)
  A dart slug (D:1)
  4 ball pythons (D:2)
  3 giant cockroaches (D:1)
  4 goblins
  A kobold (D:1)
  A quokka (D:1)
  3 bats (D:1)
  A frilled lizard (D:1)
  2 rats (D:1)
22 creatures vanquished.

Notes
Turn   | Place    | Note
-------+----------+-------------------------------------------
     0 | D:1      | HallandMoats the Ghoul Monk began the quest for the Orb.
     0 | D:1      | Reached XP level 1. HP: 19/19 MP: 0/0
   150 | D:1      | Reached XP level 2. HP: 26/26 MP: 1/1
   806 | D:2      | Reached XP level 3. HP: 31/33 MP: 2/2
   844 | D:2      | Reached skill level 1 in Armour
  1040 | D:2      | Killed from afar by an orc wizard

Illustrated notes

Levels and vault maps discovered:
D:1:      lemuel_arrival_river_bridge, layout_basic
D:2:      layout_rooms, basic_altar, basic_ecumenical_altar

Skill      XL: |  1  2  3 |
---------------+----------+-----
Armour         | 1 |  1.0
Fighting       | |  3.8
Dodging        | |  2.9
Stealth        | |  2.1
Unarmed Combat | |  3.8

Action                   || total
-------------------------++-------
Melee: Unarmed           ||    61
       Punch             ||     1
 Stab: Sleeping          ||     6
Armor: Robe              ||    15
Dodge: Dodged            ||    71

Table legend: (Time is in decaauts)
 A = Elapsed time spent in this place.
 B = Non-inter-level travel time spent in this place.
 C = Inter-level travel time spent in this place.
 D = Time resting spent in this place.
 E = Time spent auto-exploring this place.
 F = Levels seen in this place.
 G = Mean time per level.
                   A        B        C        D        E       F      G
               +--------+--------+--------+--------+--------+-----+--------+
         Total |   1036 |   1028 |      8 |    107 |    699 |   2 |  518.0 |
       Dungeon |   1036 |   1028 |      8 |    107 |    699 |   2 |  518.0 |
               +--------+--------+--------+--------+--------+-----+--------+

Top non-repeatable levels by time:
     D:1: 803 daAuts
     D:2: 232 daAuts
